 Dungeon Crawl Stone Soup version 0.29.1-15-g9cfb28693d (webtiles) character file.

Game seed: 7898439879716055410

51 Artool the Trooper (level 3, 0/29 HPs)
             Began as a Demonspawn Fighter on Apr 6, 2023.
             Slain by an adder (2 damage)
             ... on level 1 of the Dungeon.
             The game lasted 00:00:58 (1048 turns).

Artool the Trooper (Demonspawn Fighter)             Turns: 1048, Time: 00:00:59

Health: 0/29       AC:  6    Str: 18    XL:     3   Next: 58%
Magic:  3/3        EV: 11    Int:  9    God:
Gold:   32         SH:  4    Dex: 12    Spells: 2/2 levels left

rFire   . . .      SeeInvis .   a - +0 flail
rCold   . . .      Faith    .   c - +0 buckler
rNeg    . . .      Spirit   .   b - +0 scale mail
rPois   .          Reflect  .   (no helmet)
rElec   .          Harm     .   (no cloak)
rCorr   .          Rampage  .   (no gloves)
Will    .....                   (no boots)
Stlth   ..........              (no amulet)
HPRegen 0.09/turn               (no ring)
MPRegen 0.08/turn               (no ring)

@: lethally poisoned (0 -> -6)
A: repulsion field 1
a: no special abilities


You were on level 1 of the Dungeon.
You visited 1 branch of the dungeon, and saw 2 of its levels.

You collected 32 gold pieces.

Inventory:

Hand Weapons
 a - a +0 flail (weapon)
Armour
 b - a +0 scale mail (worn)
 c - a +0 buckler (worn)
Scrolls
 e - a scroll of enchant weapon {unknown}
 h - a scroll of teleportation {unknown}
 j - 3 scrolls of magic mapping {unknown}
 k - a scroll of immolation {unknown}
 l - 2 scrolls of identify {unknown}
 m - a scroll of fear {unknown}
 o - a scroll of amnesia {unknown}
 p - a scroll of summoning {unknown}
Potions
 d - 2 potions of might
 f - a potion of flight {unknown}
 g - a potion of heal wounds {unknown}
 i - a potion of haste {unknown}
 n - a potion of mutation {unknown}


   Skills:
 + Level 3.6 Fighting
 + Level 2.5 Maces & Flails
 + Level 3.3 Armour
 - Level 2.6 Shields


You had 2 spell levels left.
You didn't know any spells.
Your spell library was empty.

Dungeon Overview and Level Annotations

Branches:
Dungeon (2/15)

Altars:

Shops:
D:1 !


Innate Abilities, Weirdness & Mutations

You are surrounded by a mild repulsion field. (EV +2)


Message History

The bat attacks as you move away! The bat barely misses you. The bat hits you.
* * * LOW HITPOINT WARNING * * *
You block the bat's attack. The bat barely misses you.
You block the bat's attack. The bat hits you but does no damage.
The bat attacks as you move away! The bat barely misses you. x2
The bat barely misses you. The bat closely misses you. The bat hits you.
* * * LOW HITPOINT WARNING * * *
The bat attacks as you move away! The bat hits you but does no damage.
The bat closely misses you. The bat barely misses you.
The bat barely misses you. You block the bat's attack.
The adder attacks as you move away! The adder bites you but does no damage.
The adder attacks as you move away! The adder completely misses you.
The adder bites you but does no damage. The adder attacks as you move away!
The adder bites you but does no damage. The adder attacks as you move away!
You block the adder's attack. The adder attacks as you move away!
The adder bites you but does no damage.
There is a stone staircase leading up here.
The adder bites you but does no damage. The adder closely misses you.
You climb upwards.
There is a stone staircase leading down here.
You are too injured to fight recklessly!
You are too injured to fight recklessly!
You closely miss the adder. The adder bites you but does no damage.
You thump the adder!
The adder is severely wounded.
The adder barely misses you. x2
You completely miss the adder.
The adder is severely wounded.
The adder bites you but does no damage. x2
You closely miss the adder.
The adder is severely wounded.
The adder bites you.
* * * LOW HITPOINT WARNING * * *
You are lethally poisoned!
The adder poisons you! The adder bites you.
You die...

..# #.# ##.###...†... .## #.# #.#
#######. .# #.# #.# #.. .# #.#
##)## #.# .# #.# ##...## #.# .#
###.## ##.....######.#
.#########....# ##.......##.....
...##.........####.........#.##..
.......).......S@+.........'.....
##.##.####....####........>#.##>.
##.##.# #.....# ##.......##.##..
#.##.# #...#.# ##.....###.###.
##.##.# #...#.# ##...## #.###.
...##.###...#.# ##'## #.....
#####.........# #.# #.....
#####.######## #.# ####.∩
#.........# ##.#########.


You could see an adder.

Vanquished Creatures
  2 adders (D:2)
  4 dart slugs (D:1)
  2 ball pythons
  3 bats
  An endoplasm (D:1)
  3 giant cockroaches (D:1)
  4 hobgoblins (D:1)
  A quokka (D:1)
  A goblin (D:1)
  3 kobolds (D:1)
  2 rats (D:1)
26 creatures vanquished.

Notes
Turn   | Place    | Note
-------+----------+-------------------------------------------
     0 | D:1      | Artool the Demonspawn Fighter began the quest for the Orb.
     0 | D:1      | Reached XP level 1. HP: 18/18 MP: 1/1
   184 | D:1      | Found Ginitag's Distillery.
   279 | D:1      | Gained mutation: You are surrounded by a mild repulsion
                  | field. (EV +2) [demonic ancestry]
   279 | D:1      | Reached XP level 2. HP: 21/24 MP: 2/2
   419 | D:1      | Found a faded altar of an unknown god.
   823 | D:1      | Reached XP level 3. HP: 29/29 MP: 3/3
  1048 | D:1      | Slain by an adder

Illustrated notes

Levels and vault maps discovered:
D:1:      lightli_arrival_chessboard, layout_loops_corners, serial_shops, shop,
          ebering_ecumenical_altar_box
D:2:      layout_basic

Skill      XL: |  1  2 |
---------------+-------+-----
Maces & Flails | 2 |  2.5
Armour         | 3 |  3.3
Fighting       | |  3.6
Shields        | |  2.6

Action                   || total
-------------------------++-------
Melee: Flail             ||    67
Armor: Scale mail        ||    60
Dodge: Dodged            ||    54
Block: Buckler           ||    22
